Map: Amygdala

Players

iPlayDefense - Winner!

  • Race: Terran Terran
  • League: Silver
  • Spawn Location: 1:00

VOD

Have the link to the VOD?

Description

Time

  • Played on: April 14, 2025, 9:17 a.m.
  • Length: 16:01
Show
View Real Time Build Order
Export as new Build Order

iPlayDefense Terran - Winner!

Build Orders:  

Get SALT Encoding   

  12  0:00  SCV  
  13  0:26  SCV  
  13  0:27  Supply Depot  
  14  0:36  Refinery  
  14  0:44  SCV  
  15  0:59  Barracks  
  15  1:05  SCV  
  16  1:23  SCV  
  16  1:25  Supply Depot  
  17  1:40  SCV  
  18  2:05  Orbital Command  
  18  2:06  Barracks Reactor  
  18  2:43  SCV  
  19  2:58  Marine x2  
  21  3:00  SCV  
  22  3:11  Barracks  
  22  3:12  Barracks  
  22  3:15  Refinery  
  22  3:17  SCV  
  23  3:22  Marine  
  23  3:23  Marine  
  25  3:47  Marine  
  25  3:48  Marine  
  27  3:52  Factory  
  27  4:13  SCV  
  27  4:14  Marine  
  27  4:15  Marine  
  31  4:26  Barracks Tech Lab x2  
  30  4:30  SCV  
  30  4:31  Engineering Bay  
  31  4:42  Stimpack  
  31  4:56  Factory Tech Lab  
  31  5:00  Command Center  
  31  5:06  Unknown  
  31  5:55  Terran Infantry Weapons Level 1  
  31  6:40  Orbital Command, SCV, Marine x2, Siege Tank  
  31  6:45  Marine x2  
  39  6:57  SCV  
  40  7:04  Supply Depot  
  40  7:05  Marine x2  
  42  7:10  Marine x2  
  42  7:14  SCV  
  37  7:31  SCV  
  37  7:35  Marauder x2  
  37  7:37  Supply Depot  
  37  7:39  Bunker  
  42  7:41  SCV  
  42  7:44  Marine x2  
  42  7:48  SCV  
  46  7:58  SCV  
  47  8:04  SCV  
  47  8:05  Siege Tank, Marine x2  
  53  8:12  Supply Depot  
  53  8:15  SCV  
  54  8:26  Bunker  
  54  8:30  Marauder  
  56  8:43  SCV x2  
  56  8:44  Supply Depot, Marine  
  56  8:45  Marine x2  
  61  9:00  SCV x2, Marine  
  61  9:03  Terran Infantry Armor Level 1  
  61  9:06  Starport  
  61  9:09  Marine  
  65  9:10  Marauder  
  65  9:15  Supply Depot  
  67  9:25  Marauder  
  69  9:31  SCV x2  
  69  9:33  Marine  
  69  9:34  Marine  
  69  9:35  Siege Tank  
  76  9:40  Marine  
  76  9:48  SCV x2  
  79  9:55  Marine  
  79  9:57  Missile Turret  
  80  10:03  Starport Reactor  
  80  10:05  Marauder  
  82  10:15  SCV x2  
  82  10:16  Marine x2  
  86  10:36  Supply Depot  
  86  10:38  Supply Depot  
  86  11:02  Refinery x2  
  86  11:06  SCV x2, Marine, Marauder, Siege Tank  
  86  11:08  Supply Depot, Marine  
  95  11:11  Marine  
  95  11:13  Supply Depot  
  95  11:14  Medivac x2  
  100  11:22  Siege Tank  
  100  11:23  SCV x2  
  102  11:30  Armory  
  102  11:38  Marine x2, Marauder x2  
  108  11:40  SCV x2  
  108  11:44  Supply Depot  
  108  11:45  Supply Depot  
  108  11:48  Command Center  
  110  11:51  Siege Tank  
  113  12:03  Marine  
  113  12:08  Marauder x2  
  118  12:30  Marine x2  
  118  12:33  Medivac x2  
  118  12:36  Siege Tank  
  118  12:38  Marine x2  
  129  12:52  Supply Depot  
  129  12:53  Supply Depot  
  129  12:56  Terran Vehicle Weapons Level 1  
  129  13:03  Marauder x2  
  133  13:37  Orbital Command  
  133  13:58  Marine  
  133  13:59  Marine x3  
  137  14:02  Thor  
  137  14:09  Supply Depot  
  143  14:10  Supply Depot  
  139  14:23  Marine  
  139  14:24  Marauder x2  
Tags
 
League
Silver
Matchup
Co-op
Replay Pack
DaveSC2
Add a new tag
Caveats
  • Supply blocks, unpowered buildings, or Contaminate may cause inaccurate times.
  • Supply counts are checked every 10 seconds.